 Dungeon Crawl Stone Soup version 0.31-a0-149-g3fdcc5976a (webtiles) character file.

Game seed: 15484165359314188990

127 qw the Shooter (level 4, -3/38 HPs)
             Began as a Minotaur Hunter on June 7, 2023.
             Slain by a gnoll
             ... wielding a +3 flail
              (12 damage)
             ... on level 3 of the Dungeon.
             The game lasted 00:00:35 (1619 turns).

qw the Shooter (Minotaur Hunter)                    Turns: 1619, Time: 00:00:36

Health: -3/38      AC:  5    Str: 16    XL:     4   Next: 85%
Magic:  3/3        EV: 11    Int:  6    God:
Gold:   117        SH:  0    Dex: 15    Spells: 3/3 levels left

rFire   . . .        Y - +0 shortbow
rCold   . . .        (shield currently unavailable)
rNeg    . . .        g - +0 ring mail
rPois   .            (helmet restricted)
rElec   .            (no cloak)
rCorr   .            (no gloves)
SInv    .            (no boots)
Will    .....        a - amulet of faith
Stlth   +            (no ring)
HPRegen 0.26/turn    (no ring)
MPRegen 0.08/turn

%: faith
@: about to teleport
A: horns 2, retaliatory headbutt
a: no special abilities


You were on level 3 of the Dungeon.
You visited 1 branch of the dungeon, and saw 3 of its levels.

You collected 117 gold pieces.


Innate Abilities, Weirdness & Mutations

You have a pair of horns on your head.
You reflexively headbutt those who attack you in melee.


   Skills:
 + Level 3.0 Fighting
 - Level 6.4 Ranged Weapons
 - Level 1.6 Armour
 - Level 2.1 Dodging
 - Level 0.7 Stealth


You had 3 spell levels left.
You didn't know any spells.
Your spell library was empty.

Inventory:

Hand Weapons
 Y - a +0 shortbow (weapon)
Armour
 g - a +0 ring mail (worn)
 h - a +0 pair of boots
Jewellery
 a - an amulet of faith (around neck)
Scrolls
 b - a scroll of enchant armour {unknown}
Potions
 c - a potion of attraction {unknown}
 d - 2 potions of heal wounds {unknown}
 e - a potion of brilliance {unknown}
 f - a potion of resistance
 i - a potion of enlightenment {unknown}

Dungeon Overview and Level Annotations

Branches:
Dungeon (3/15)

Altars:
Sif Muna
Trog

Annotations:
D:3 Terence


Message History

The howler monkey hits you. The rat bites you.
Terence the Incautious comes into view.
He is wielding a +0 short sword and wearing a +3 chain mail of cold resistance.
You shoot an arrow.
The arrow closely misses the howler monkey.
The howler monkey hits you but does no damage.
The rat bites you but does no damage.
The howler monkey hoots and howls with incredible vigour!
You shoot an arrow. The arrow hits the howler monkey!
The howler monkey is severely wounded.
The rat bites you but does no damage. The howler monkey hits you.
You shoot an arrow. The arrow hits the howler monkey.
The howler monkey is almost dead.
The rat barely misses you. The howler monkey hits you.
A gnoll comes into view. It is wielding a +3 flail.
The rat bites you.
You shoot an arrow. The arrow hits the howler monkey!
You kill the howler monkey!
The rat bites you.
Your Ranged Weapons skill increases to level 6!
You shoot an arrow. The arrow hits the rat.
You kill the rat!
You shoot an arrow. The arrow hits Terence.
Terence is moderately wounded.
Terence barely misses you.
You shoot an arrow.
The arrow hits Terence but does no damage.
Terence is moderately wounded.
Terence hits you with a +0 short sword.
You shoot an arrow.
The arrow hits Terence but does no damage.
Terence is moderately wounded.
Terence hits you with a +0 short sword.
A gnoll comes into view. It is wielding a +0 flail.
Terence hits you with a +0 short sword.
1619 ||| READING scroll of teleportation.
As you read the scroll of teleportation, it crumbles to dust.
You feel strangely unstable.
The gnoll shouts!
The gnoll hits you with a +3 flail!
You die...

>........####### #.
##.#####.#
#g###..####.######
#[...............#
#..####.####.#.#.#
#..# ..... #...#.##
#..# ......#.###...
#.g#.......#.....#.
#.@%..._...)..##.#.
#.@#...)...#..##...
...$#
....).#..#####
......# .....
#.###### #.....$.#
##.####.......
#........
......)%......
#........
..............
#.......<
..............
......).......


You could see Terence and 2 gnolls.

Vanquished Creatures
  A howler monkey (D:3)
  3 gnolls (D:2)
  An adder (D:3)
  2 dart slugs (D:2)
  7 ball pythons
  5 endoplasms
  4 giant cockroaches
  3 goblins
  3 hobgoblins
  3 jackals (D:1)
  A quokka (D:1)
  2 bats
  4 frilled lizards
  4 kobolds
  5 rats
48 creatures vanquished.

Notes
Turn   | Place    | Note
-------+----------+-------------------------------------------
     0 | D:1      | qw the Minotaur Hunter began the quest for the Orb.
     0 | D:1      | Reached XP level 1. HP: 18/18 MP: 0/0
     0 | D:1      | 0 ||| qw: Version: 0.2-a-117-gc6b5c8b
     0 | D:1      | 0 ||| qw: Game counter: 2640
     0 | D:1      | 0 ||| qw: Always use a shield: true
     0 | D:1      | 0 ||| qw: God list: Okawaru
     0 | D:1      | 0 ||| qw: Allow faded altars: false
     0 | D:1      | 0 ||| qw: Do Orc after D:15 true
     0 | D:1      | 0 ||| qw: Do second Lair branch before Depths: true
     0 | D:1      | 0 ||| qw: Lair rune preference: random
     0 | D:1      | 0 ||| qw: Plans: Normal
     0 | D:1      | 0 ||| PLANNING D:1-11
   143 | D:1      | Reached XP level 2. HP: 25/25 MP: 1/1
   152 | D:1      | Reached skill level 5 in Ranged Weapons
   415 | D:1      | Reached skill level 3 in Fighting
   687 | D:1      | 687 ||| UPGRADING to +0 ring mail.
   697 | D:1      | 697 ||| DROPPING +0 leather armour.
   698 | D:1      | 698 ||| READING scroll labelled APEETOCIYX.
   703 | D:1      | 703 ||| READING scroll labelled DISUHEPHEO.
   704 | D:1      | 704 ||| DRINKING 2 coppery potions.
   705 | D:1      | 705 ||| DROPPING scroll of butterflies.
   766 | D:2      | Reached XP level 3. HP: 31/31 MP: 2/2
   797 | D:2      | 797 ||| Stepping ~*~*~tactically~*~*~ (outnumbered).
   799 | D:2      | 799 ||| Stepping ~*~*~tactically~*~*~ (outnumbered).
   803 | D:2      | Reached skill level 1 in Armour
  1010 | D:2      | Found a faded altar of an unknown god.
  1030 | D:2      | Reached XP level 4. HP: 38/38 MP: 3/3
  1093 | D:2      | Identified the +8 spear "Getho" {freeze, *Rage rPois Int+8
                  | SInv}
  1428 | D:2      | 1428 ||| UPGRADING to amulet of faith.
  1433 | D:2      | 1433 ||| READING scroll labelled NUROET OSMAIK.
  1434 | D:2      | 1434 ||| READING scroll labelled WIRHABR SIBRAN.
  1493 | D:3      | Found a shimmering blue altar of Sif Muna.
  1575 | D:3      | Found a bloodstained altar of Trog.
  1610 | D:3      | Noticed Terence
  1615 | D:3      | Reached skill level 6 in Ranged Weapons
  1618 | D:3      | HP: 8/38 [Terence/+0 short sword (6)]
  1619 | D:3      | 1619 ||| READING scroll of teleportation.
  1619 | D:3      | Slain by a gnoll

Levels and vault maps discovered:
D:1:      lightli_arrival_boilingwater, layout_basic
D:2:      layout_basic, hellmonk_ecumenical_altar_crossroads
D:3:      layout_basic, mainiacjoe_overflow_24_doors, old_standard_altar,
          mainiacjoe_overflow_alcove_1, minmay_strange_pillars, uniq_terence

Skill      XL: |  1  2  3  4 |
---------------+-------------+-----
Ranged Weapons | 5 6 |  6.4
Fighting       | 3 |  3.0
Armour         | 1 |  1.6
Dodging        | |  2.1
Stealth        | |  0.7

Action                     |  1- 3 |  4- 6 || total
---------------------------+-------+-------++-------
   Fire: Shortbow          |    97 |    33 ||   130
    Use: Scroll            |     2 |     3 ||     5
         Potion            |     1 |       ||     1
 Armour: Leather armour    |     6 |       ||     6
         Ring mail         |     6 |     7 ||    13
  Dodge: Dodged            |    32 |     5 ||    37

Table legend:
 A = Non-vault XP
 B = Vault XP
 C = Vault XP percentage of total XP
 D = Non-vault monster count
 E = Vault monster count
 F = Vault count percentage of total count
                 A         B        C        D         E       F
            +---------+---------+-------+---------+---------+-------
      Total |     182 |       0 |   0.0 |      48 |       0 |   0.0
            +---------+---------+-------+---------+---------+-------
        D:1 |      36 |       0 |   0.0 |      23 |       0 |   0.0
        D:2 |      68 |       0 |   0.0 |      16 |       0 |   0.0
        D:3 |      78 |       0 |   0.0 |       9 |       0 |   0.0
            +---------+---------+-------+---------+---------+-------
